 Dungeon Crawl Stone Soup version bcrawl-1.19.2-6-g6a88ae04c9 (webtiles) character file.

Game seed: 16354819097565348347

25 Mrkan the Shield-Bearer (level 3, -3/35 HPs)
             Began as a Gnoll Fighter on Dec 21, 2019.
             Slain by Sigmund
             ... wielding a +0 scythe
              (4 damage)
             ... on level 2 of the Dungeon.
             The game lasted 00:01:30 (918 turns).

Mrkan the Shield-Bearer (Gnoll Fighter)              Turns: 918, Time: 00:01:31

Health: -3/35      AC:  7    Str: 19    XL:     3   Next: 6%
Magic:  3/3        EV:  8    Int: 10    God:
Gold:   118        SH:  0    Dex: 14    Spells: 3/3 levels left

rFire    . . .     SeeInvis .   a - +0 trident
rCold    . . .     Gourm    .   c - +0 shield
rNeg     . . .     Faith    .   b - +0 scale mail
rPois    .         Spirit   .   m - +0 hat
rElec    .         Reflect  .   (no cloak)
rCorr    .         Harm     .   (no gloves)
MR       .....                  (no boots)
Stlth    ..........             (no amulet)
HPRegen  0.11/turn              (no ring)
MPRegen  0.08/turn              (no ring)

@: confused
A: distributed training, fangs 1, strong nose
a: no special abilities


You were on level 2 of the Dungeon.
You were not hungry.

You visited 1 branch of the dungeon, and saw 2 of its levels.

You collected 118 gold pieces.

Inventory:

Hand Weapons
 a - a +0 trident (weapon)
Armour
 b - a +0 scale mail (worn)
 c - a +0 shield (worn)
 m - a +0 hat (worn)
Jewellery
 h - an uncursed ring of protection from fire {unknown}
 l - a +6 ring of strength {unknown}
 q - a cursed amulet of inaccuracy {unknown}
Scrolls
 e - a scroll of fear {unknown}
 g - 2 scrolls of fog {unknown}
 i - 4 scrolls of identify {unknown}
 j - a scroll of enchant weapon {unknown}
 p - a scroll of blinking {unknown}
Potions
 d - a potion of might
 k - a potion of lignification {unknown}
 n - a potion of magic {unknown}
 o - a potion of invisibility {unknown}
Comestibles
 f - 4 rations {!d}


   Skills:
 + Level 6.5 Fighting
 + Level 0.5 Short Blades
 + Level 0.5 Long Blades
 + Level 0.5 Axes
 + Level 0.5 Maces & Flails
 + Level 4.5 Polearms
 + Level 0.5 Staves
 + Level 0.5 Slings
 + Level 0.5 Bows
 + Level 0.5 Crossbows
 + Level 0.5 Throwing
 + Level 6.5 Armour
 + Level 0.5 Dodging
 + Level 0.5 Stealth
 + Level 6.5 Shields
 + Level 0.5 Unarmed Combat
 + Level 0.5 Spellcasting
 + Level 0.4 Conjurations
 + Level 0.4 Hexes
 + Level 0.4 Charms
 + Level 0.4 Summonings
 + Level 0.4 Necromancy
 + Level 0.4 Translocations
 + Level 0.4 Transmutations
 + Level 0.4 Fire Magic
 + Level 0.4 Ice Magic
 + Level 0.4 Air Magic
 + Level 0.4 Earth Magic
 + Level 0.4 Poison Magic
 + Level 0.7 Invocations
 + Level 0.5 Evocations


You had 3 spell levels left.
You didn't know any spells.
Your spell library was empty.

Dungeon Overview and Level Annotations

Branches:
Dungeon (2/12)

Altars:

Annotations:
D:2 Sigmund


Innate Abilities, Weirdness & Mutations

Your experience applies equally to all skills.
You have very sharp teeth.
Your uncanny sense of smell can sniff out nearby items.


Message History

Sigmund flickers and vanishes!
Deactivating autopickup; reactivate with Ctrl-A.
You miss something. Something hits you but does no damage.
You barely miss something.
You hear some strange, mumbled words.
A magic dart appears from out of thin air!
The magic dart hits you!
You closely miss something. Something hits you!
* * * LOW HITPOINT WARNING * * *
You miss something. Your bite misses something. You hit something.
Something hits you but does no damage.
You hear some strange, mumbled words.
You are confused.
You see here a whip.
You bump into the rock wall.
A magic dart appears from out of thin air!
The magic dart hits you!
* * * LOW HITPOINT WARNING * * *
Something hits you.
You die...

#.#.##..### .....#
#.........# .....###
#.#....#.# .......#
#......#.# .......#
#........# #......#
#......#
#......####...#)##
#......##.....#.## ##
#...............@# ..
.......#......)#.# .#
.#######.......#{##..#
.# ####.#..#.....# .#
#.....####.# .#
#####.# .# #.. .# ##.
.# ..


There were no monsters in sight!

Vanquished Creatures
  A worm (D:2)
  A leopard gecko (D:2)
  3 bats (D:1)
  A giant cockroach (D:1)
  3 goblins
  4 hobgoblins (D:1)
  5 kobolds (D:1)
  2 frilled lizards (D:1)
  2 rats (D:1)
22 creatures vanquished.

Notes
Turn   | Place    | Note
-------+----------+-------------------------------------------
     0 | D:1      | Mrkan the Gnoll Fighter began the quest for the Orb.
     0 | D:1      | Reached XP level 1. HP: 23/23 MP: 1/1
   129 | D:1      | Reached XP level 2. HP: 24/29 MP: 2/2
   829 | D:2      | Reached XP level 3. HP: 34/35 MP: 3/3
   893 | D:2      | Noticed Sigmund
   917 | D:2      | HP: 1/35 [something/magic dart (2)]
   918 | D:2      | Slain by Sigmund

Action                   || total
-------------------------++-------
Melee: Trident           ||    83
       Bite              ||    10
Armor: Scale mail        ||    40
Dodge: Dodged            ||    29
Block: Shield            ||    51
